 Dungeon Crawl Stone Soup version 0.27-a0-1557-g57f10a385c (webtiles) character file.

Game seed: 14736599739285111540

291 Demosthentine the Poker (level 6, -6/48 HPs)
             Began as a Merfolk Gladiator on July 15, 2021.
             Was an Initiate of the Shining One.
             Mangled by an ogre (9 damage)
             ... on level 4 of the Dungeon.
             The game lasted 00:02:38 (3131 turns).

Demosthentine the Poker (Merfolk Gladiator)         Turns: 3131, Time: 00:02:39

Health: -6/48      AC:  5    Str: 16    XL:     6   Next: 32%
Magic:  15/15      EV: 14    Int:  8    God:    the Shining One [......]
Gold:   134        SH:  0    Dex: 15    Spells: 5/5 levels left

rFire    . . .     SeeInvis .   a - +0 trident
rCold    . . .     Faith    .   (no shield)
rNeg     . . .     Spirit   .   b - +0 leather armour
rPois    .         Reflect  .   c - +0 helmet
rElec    .         Harm     .   (no cloak)
rCorr    .         Rampage  .   j - +0 pair of gloves
Will     .....                  (no boots)
Stlth    +.........             (no amulet)
HPRegen  0.16/turn              i - +4 ring of slaying
MPRegen  0.14/turn              k - ring of magical power

@: mighty, glowing
A: (nimble swimmer 2), mertail
a: Renounce Religion


You were on level 4 of the Dungeon.
You worshipped the Shining One.
The Shining One was noncommittal.
You visited 1 branch of the dungeon, and saw 4 of its levels.

You collected 134 gold pieces.

Inventory:

Hand Weapons
 a - a +0 trident (weapon)
Missiles
 d - 2 throwing nets (quivered)
Armour
 b - a +0 leather armour (worn)
 c - a +0 helmet (worn)
 j - a +0 pair of gloves (worn)
Jewellery
 i - a +4 ring of slaying (left hand)
 k - a ring of magical power (right hand)
Wands
 l - a wand of iceblast (12)
Scrolls
 e - a scroll of teleportation
 f - 2 scrolls of immolation
 n - a scroll of identify
Potions
 g - a potion of mutation
 h - 2 potions of might
 m - a potion of brilliance {unknown}
 o - a potion of haste {unknown}


   Skills:
 + Level 4.0 Fighting
 + Level 6.2 Polearms
 - Level 2.0 Throwing
 + Level 2.0 Armour
 + Level 5.6 Dodging


You had 5 spell levels left.
You didn't know any spells.
Your spell library contained the following spells:

 Spells                   Type           Power      Damage    Failure   Level
 Slow                     Hex            0%         N/A       63%         2
 Static Discharge         Conj/Air       0%         N/A       63%         2
 Confusing Touch          Hex            0%         N/A       85%         3
 Vampiric Draining        Necr           0%         2d6       85%         3
 Dispel Undead            Necr           0%         3d6       99%         4
 Sticky Flame             Conj/Fire      0%         2d3       99%         4
 Yara's Violent Unravell  Hex/Tmut       0%         3d3       100%        5


Dungeon Overview and Level Annotations

Branches:
Dungeon (4/15)
 Temple: D:4-7

Altars:
Ashenzari
Qazlal
Uskayaw
The Shining One

Shops:
D:1 ([[(   D:2 [


Innate Abilities, Weirdness & Mutations

((You are quick and stealthy near water. (Stealth+, EV+, Speed+++)))
Your lower body shifts to a powerful aquatic tail in water.


Message History

An adder skeleton is nearby!
You see here 16 gold pieces.
You reach to attack!
You completely miss the adder skeleton. You puncture the adder skeleton!
You destroy the adder skeleton!
The Shining One accepts your kill.
No target in view!
No target in view!
You now have 134 gold pieces (gained 16).
An ogre comes into view. It is wielding a +0 giant club.
The ogre shouts!
A quokka comes into view.
There are monsters nearby!
You reach to attack!
You barely miss the ogre. You hit the ogre.
The ogre is lightly wounded.
The quokka closely misses you.
There are monsters nearby!
You puncture the ogre!
The ogre is moderately wounded.
The quokka misses you.
The ogre hits you with a +0 giant club!!
The quokka closely misses you.
There are monsters nearby!
You puncture the ogre!
The ogre is severely wounded.
The ogre barely misses you.
The quokka bites you but does no damage.
You hit the ogre.
The ogre is almost dead.
The quokka barely misses you. The ogre completely misses you.
The ogre hits you with a +0 giant club!!
* * * LOW HITPOINT WARNING * * *
The quokka bites you.
* * * LOW HITPOINT WARNING * * *
It was a potion of might.
You feel very mighty all of a sudden.
The quokka bites you but does no damage.
The quokka barely misses you. The ogre hits you with a +0 giant club!
You die...

### #.# ### ..#
#.############.#
#..))).........#######
####)###########@.#.....#.
....?...........rO..>.....
####.###########........#
#.# #......### #.#
#........# ####.#
#....#..## .....########
#..$.......
........................##
################...#......


You could see an ogre and a quokka.

Vanquished Creatures
  Edmund (D:4)
  A water moccasin skeleton (D:3)
  Ijyb (D:3)
  Robin (D:4)
  3 adders
  An adder skeleton (D:4)
  2 orcs (D:3)
  6 ball pythons
  3 endoplasms
  3 giant cockroaches
  5 hobgoblins
  4 jackals (D:1)
  4 bats
  A frilled lizard (D:2)
  7 goblins
  6 kobolds
  4 rats
53 creatures vanquished.

Notes
Turn   | Place    | Note
-------+----------+-------------------------------------------
     0 | D:1      | Demosthentine the Merfolk Gladiator began the quest for the
                  | Orb.
     0 | D:1      | Reached XP level 1. HP: 16/16 MP: 1/1
   196 | D:1      | Reached XP level 2. HP: 23/23 MP: 2/2
   199 | D:1      | Found Lautue Uxke's Antique Weapon Emporium.
   348 | D:1      | Found Xegoc's Antique Armour Boutique.
   404 | D:1      | Found a faded altar of an unknown god.
   629 | D:1      | Found Ecoah's Antique Armour Shop.
  1008 | D:2      | Reached XP level 3. HP: 27/28 MP: 3/3
  1059 | D:2      | Found Gaakkoth's Armour Boutique.
  1076 | D:2      | Reached skill level 5 in Polearms
  1952 | D:3      | Reached skill level 1 in Armour
  2162 | D:3      | Reached XP level 4. HP: 35/35 MP: 4/4
  2249 | D:3      | Found a glowing golden altar of the Shining One.
  2307 | D:3      | Became a worshipper of the Shining One
  2338 | D:3      | Noticed Ijyb
  2343 | D:3      | Killed Ijyb
  2378 | D:3      | Reached skill level 5 in Dodging
  2378 | D:3      | Reached XP level 5. HP: 35/41 MP: 5/5
  2553 | D:3      | Found a faded altar of an unknown god.
  2553 | D:3      | Found a faded altar of an unknown god.
  2561 | D:3      | Found a broken altar of Ashenzari.
  2563 | D:3      | Found a hide-covered altar of Uskayaw.
  2564 | D:3      | Found a stormy altar of Qazlal.
  2866 | D:4      | Noticed Edmund
  2881 | D:4      | Killed Edmund
  2882 | D:4      | Reached skill level 6 in Polearms
  2882 | D:4      | Reached XP level 6. HP: 31/48 MP: 6/6
  3068 | D:4      | Noticed Robin
  3079 | D:4      | Killed Robin
  3127 | D:4      | HP: 2/48 [quokka (4)]
  3131 | D:4      | Mangled by an ogre

Illustrated notes

Levels and vault maps discovered:
D:1:      dpeg_arrival_orchard, layout_loops_ring,
          hellmonk_ecumenical_altar_blasted, serial_shops, shop, shop, shop,
          nicolae_shop_trees
D:2:      layout_basic, serial_shops, nicolae_shop_trees
D:3:      layout_basic, chequers_temple_overflow_minitemple,
          overflow_temple_1_default, kennysheep_generic_room_3, uniq_ijyb
D:4:      layout_basic, grunt_gozag_statues, uniq_edmund, uniq_robin,
          uniq_natasha, uniq_menkaure

Skill      XL: |  1  2  3  4  5  6 |
---------------+-------------------+-----
Polearms       | 5 6 |  6.2
Fighting       | 3 4 |  4.0
Armour         | 1 2 |  2.0
Dodging        | 5 |  5.6
Throwing       | |  2.0

Action                   |  1- 3 |  4- 6 || total
-------------------------+-------+-------++-------
Melee: Trident           |   112 |    78 ||   190
Throw: Throwing net      |       |     3 ||     3
  Use: Scroll            |     2 |     2 ||     4
       Potion            |       |     1 ||     1
 Stab: Distracted        |     1 |       ||     1
       Sleeping          |     1 |       ||     1
Armor: Leather armour    |    23 |     7 ||    30
Dodge: Dodged            |    86 |    44 ||   130

Table legend: (Time is in decaauts)
 A = Elapsed time spent in this place.
 B = Non-inter-level travel time spent in this place.
 C = Inter-level travel time spent in this place.
 D = Time resting spent in this place.
 E = Time spent auto-exploring this place.
 F = Levels seen in this place.
 G = Mean time per level.
                   A        B        C        D        E       F      G
               +--------+--------+--------+--------+--------+-----+--------+
         Total |   3137 |   3057 |     80 |      0 |   2634 |   4 |  784.2 |
       Dungeon |   3137 |   3057 |     80 |      0 |   2634 |   4 |  784.2 |
               +--------+--------+--------+--------+--------+-----+--------+

Top non-repeatable levels by time:
     D:2: 1205 daAuts
     D:3: 741 daAuts
     D:1: 737 daAuts
     D:4: 452 daAuts
